 Dungeon Crawl Stone Soup version 0.17.0-28-g6e173f8 (webtiles) character file.

42 septik the Digger (level 3, 0/19 HPs)
             Began as a Gargoyle Earth Elementalist on Nov 30, 2015.
             Slain by Terence
             ... wielding a +3 hand axe of flaming
              (6 damage)
             ... on level 2 of the Dungeon.
             The game lasted 00:04:10 (1793 turns).

septik the Digger (Gargoyle Earth Elementalist)     Turns: 1793, Time: 00:04:10

Health: 0/19       AC:  5    Str: 11    XL:     3   Next: 54%
Magic:  5/7        EV: 12    Int: 16    God:
Gold:   63         SH:  0    Dex: 10    Spells: 1 memorised, 7 levels left

rFire  . . .     SeeInvis .     b - 48 stones
rCold  . . .     Clarity  .     e - +0 robe
rNeg   + . .     SustAt   .     (no shield)
rPois  ∞         Gourm    .     (no helmet)
rElec  +         Spirit   .     (no cloak)
rCorr  .         Warding  .     (no gloves)
rMut   .         Stasis   .     (no boots)
MR     .....                    (no amulet)
Stlth  ++........               (no ring)
                                (no ring)

@: not resistant to hostile enchantments, unstealthy
A: negative energy resistance 1, electricity resistance, unbreathing,
petrification resistance, rot immunity, AC +3
a: no special abilities


You were on level 2 of the Dungeon.
You were very hungry.

You visited 1 branch of the dungeon, and saw 2 of its levels.

You collected 63 gold pieces.

Inventory:

Hand Weapons
 a - a +0 club
Missiles
 b - 48 stones (in hand)
Armour
 e - a +0 robe (worn)
 k - a cursed +0 ring mail
Scrolls
 g - 3 scrolls of identify {unknown}
 l - a scroll of blinking {unknown}
 m - a scroll of noise {unknown}
 o - a scroll of amnesia {unknown}
Potions
 i - a potion of degeneration {unknown}
 j - a potion of brilliance {unknown}
 n - 3 potions of magic {unknown}
Books
 c - a book of Geomancy

   Spells                             Type                      Level
   a - Sandblast                      Earth                        1
   b - Stoneskin                      Transmutation/Earth          2
   c - Passwall                       Transmutation/Earth          3
   d - Stone Arrow                    Conjuration/Earth            3
   e - Petrify                        Transmutation/Earth          4
   f - Lee's Rapid Deconstruction     Earth                        5
Comestibles
 d - a bread ration
 h - a royal jelly


   Skills:
 - Level 1.5 Dodging
 - Level 2.1 Stealth
 * Level 3.0 Spellcasting
   Level 0.7 Transmutations
 + Level 4.3 Earth Magic


You had 7 spell levels left.
You knew the following spells:

 Your Spells              Type           Power        Failure   Level  Hunger
a - Sandblast             Erth           ###...       3%          1    #......


Dungeon Overview and Level Annotations

Branches:
Dungeon (2/15)

Altars:

Annotations:
D:2 Terence


Innate Abilities, Weirdness & Mutations

You are resistant to torment.
Your stone body is resilient (AC +3).
You are immune to poison.
You resist negative energy.
You are resistant to electric shocks.
You can survive without breathing.
You are immune to petrification.
You are immune to rotting.


Message History

Terence hits you with a hand axe of flaming.
Terence burns you.
There is a stone staircase leading up here.
Casting: Sandblast
Confirm with . or Enter, or press ? or * to list all spells.
Aiming: Sandblast
Press: ? - help, Shift-Dir - straight line, f - Terence
Aim: Terence, wielding a hand axe of flaming and wearing a chain mail The rocky blast hits Terence.
Terence says, "Time to say good-bye..."
Terence hits you with a hand axe of flaming!
Terence burns you.
Casting: Sandblast
Confirm with . or Enter, or press ? or * to list all spells.
Aiming: Sandblast
Press: ? - help, Shift-Dir - straight line, f/p - Terence
Aim: Terence, wielding a hand axe of flaming and wearing a chain mail The rocky blast hits Terence.
Terence hits you with a hand axe of flaming.
You die...

#.........<...............).#
###......................#.##
###...###.....#.##.##.#..#...
#............................
#..................##.#......
###....................
#..................##.#
#......................
###........@@.#........
#..#....#...#.##.....
#..#........#.#..#.♣.
#..#........#........
..............###.♣.♣.
##..#................
#..#...?.........♣.♣
#..#....#....###..... #
#.............#.♣.


You could see Terence.

Vanquished Creatures
  An adder (D:2)
  An ooze (D:1)
  A giant gecko (D:1)
  A goblin (D:1)
  8 hobgoblins
  3 kobolds
  2 bats (D:1)
  5 giant newts
  4 rats
26 creatures vanquished.

Notes
Turn   | Place    | Note
--------------------------------------------------------------
     0 | D:1      | septik the Gargoyle Earth Elementalist began the quest for the Orb.
     0 | D:1      | Reached XP level 1. HP: 10/10 MP: 3/3
     2 | D:1      | Noticed a troll
     4 | D:1      | Noticed an elf
     4 | D:1      | Noticed a merfolk
     6 | D:1      | Noticed a draconian
     8 | D:1      | Noticed a dwarf
     8 | D:1      | Noticed a demigod
    10 | D:1      | Noticed a formicid
    10 | D:1      | Noticed an ogre
    12 | D:1      | Noticed a minotaur
    14 | D:1      | Noticed a demonspawn
    16 | D:1      | Noticed a tengu
    18 | D:1      | Noticed a human
    18 | D:1      | Noticed a naga
    20 | D:1      | Noticed a felid
    20 | D:1      | Noticed a vine stalker
    22 | D:1      | Noticed an octopode
    22 | D:1      | Noticed a ghoul
    24 | D:1      | Noticed a spriggan
    24 | D:1      | Noticed a gargoyle
    26 | D:1      | Noticed a vampire
    26 | D:1      | Noticed a centaur
   481 | D:1      | Reached XP level 2. HP: 9/15 MP: 1/5
   730 | D:1      | Reached skill level 4 in Earth Magic
  1072 | D:1      | Reached XP level 3. HP: 12/19 MP: 5/7
  1486 | D:2      | Noticed Terence
  1793 | D:2      | Slain by Terence

Action                   || total
-------------------------++-------
Melee: Club              ||    85
       Unarmed           ||    16
 Cast: Sandblast         ||    47
 Stab: Sleeping          ||     4
  Eat: Chunk             ||     2
